 Dungeon Crawl Stone Soup version 0.30-a0-571-gdf30a72648 (webtiles) character file.

Game seed: 12483414208580471801

109526 jfcaron the Devastator (level 16, -8/134 HPs)
             Began as a Yellow Draconian Conjurer on Dec 29, 2022.
             Was an Initiate of Gozag.
             Mangled by a spark wasp (15 damage)
             ... on level 3 of the Lair of Beasts.
             The game lasted 02:22:43 (38755 turns).

jfcaron the Devastator (Yellow Draconian Conjurer) Turns: 38755, Time: 02:22:43

Health: -8/134     AC: 23    Str: 11 (14) XL:     16   Next: 5%
Magic:  4/26       EV: 12    Int: 21 (24) God:    Gozag
Gold:   4755       SH:  9    Dex:  5 (11) Spells: 4/29 levels left

rFire   + + +      SeeInvis .    y - staff of conjuration
rCold   + . .      Faith    .    j - +0 buckler
rNeg    . . .      Spirit   .    (body armour unavailable)
rPois   +          Reflect  +    J - +2 hat
rElec   +          Harm     .    o - +1 cloak
rCorr   +          Rampage  +    W - +2 pair of gloves "Dubotaig" {Rampage rF++ Str+3 Stlth+}
Will    +....                    s - +2 pair of boots
Stlth   ++                       i - amulet of Demons {Reflect rElec SH+5}
HPRegen 0.42/turn                e - ring of poison resistance
MPRegen 0.20/turn                q - +4 ring of protection

@: resistant, gold aura, on berserk cooldown, slowed, invisible, very slow
A: spit acid, AC +9, unfitting armour, acidic bite, cold-blooded, acid
resistance
a: Breathe Acid, Renounce Religion, Potion Petition, Call Merchant, Bribe Branch


You were on level 3 of the Lair of Beasts.
You worshipped Gozag.
Gozag was most pleased with you.
You visited 4 branches of the dungeon, and saw 23 of its levels.
You also visited: Volcano.

You collected 8797 gold pieces.
You spent 969 gold pieces at shops.
You paid 3073 gold pieces to Gozag.

Inventory:

Hand Weapons
 A - a +4 rapier
 F - a +0 morningstar of protection
   (You took it off Maggie on level 6 of the Dungeon)
 T - a +4 hand crossbow of flaming
   (You found it in a volcano)
 X - the +9 short sword of the Past {freeze, Fly rElec rPois MP-9}
   (You found it on level 3 of the Lair of Beasts)

   It freezes those it strikes, dealing additional cold damage.
   It can also slow down cold-blooded creatures.
   rElec:     It insulates you from electricity.
   rPois:     It protects you from poison.
   MP:        It affects your magic capacity (-9).
   Fly:       It grants you flight.
Missiles
 d - 12 boomerangs
 m - 4 curare-tipped darts {!f}
 t - 5 throwing nets {!f}
 D - 21 poisoned darts
 H - 3 atropa-tipped darts {!f}
Armour
 j - a +0 buckler (worn)
 o - a +1 cloak (worn)
 s - a +2 pair of boots (worn)
 J - a +2 hat (worn)
 K - a +0 kite shield
 W - the +2 pair of gloves "Dubotaig" (worn) {Rampage rF++ Str+3 Stlth+}
   (You found it in a volcano)

   Str:       It affects your strength (+3).
   rF:        It greatly protects you from fire.
   Rampage:   It bestows one free step when moving towards enemies.
   Stlth:     It makes you more stealthy.
Magical Staves
 y - a staff of conjuration (weapon)
   (You acquired it on level 10 of the Dungeon)
Jewellery
 e - a ring of poison resistance (left hand)
 i - the amulet of Demons (around neck) {Reflect rElec SH+5}
   (You found it on level 9 of the Dungeon)

   [amulet of reflection]

   It reflects blocked missile attacks.
   rElec:     It insulates you from electricity.
   SH:        It affects your SH (+5).
 q - a +4 ring of protection (right hand)
   (You found it on level 3 of the Dungeon)
Wands
 B - a wand of flame (15)
 L - a wand of roots (2)
Scrolls
 b - 3 scrolls of immolation
 h - 3 scrolls of amnesia
 p - 2 scrolls of fog
 u - 2 scrolls of enchant weapon
 v - a scroll of torment
 x - 2 scrolls of vulnerability
 C - 4 scrolls of noise
 E - 9 scrolls of teleportation
 N - 2 scrolls of magic mapping
 P - a scroll of silence
 U - a scroll of blinking
 Y - 2 scrolls of enchant armour
 Z - a scroll of fear
Potions
 a - a potion of magic
 c - 5 potions of mutation
 f - 6 potions of haste
 k - 2 potions of heal wounds
 l - 3 potions of brilliance
 n - 2 potions of berserk rage
 r - 8 potions of curing
 w - a potion of resistance
 z - 3 potions of cancellation
 G - 2 potions of might
 I - a potion of flight
 O - a potion of lignification
 R - 3 potions of attraction
Miscellaneous
 Q - a phantom mirror
   (You found it on level 5 of the Lair of Beasts)


   Skills:
 - Level 10.0 Fighting
 - Level 8.0 Dodging
 - Level 2.0 Stealth
 - Level 7.0 Shields
 + Level 7.0 Spellcasting
 - Level 17.0 Conjurations
 * Level 1.2 Necromancy
 - Level 16.5 Translocations
 * Level 8.1 Earth Magic


You had 4 spell levels left.
You knew the following spells:

 Your Spells              Type           Power      Damage    Failure   Level
a - Magic Dart            Conj           100%       1d8       0%          1
b - Searing Ray           Conj           100%       2d8       0%          2
c - Iskenderun's Mystic   Conj/Tloc      86%        2d17      1%          4
d - Dazzling Flash        Conj/Hex       100%       N/A       1%          3
e - Fulminant Prism       Conj/Hex       29%        3d14      3%          4
f - Iron Shot             Conj/Erth      37%        9d7       10%         6
g - Borgnjor's Vile Clut  Necr/Erth      13%        N/A       41%         5

Your spell library contained the following spells:

 Spells                   Type           Power      Damage    Failure   Level
 Sandblast                Erth           82%        2d17      1%          1
 Hailstorm                Conj/Ice       59%        3d13      1%          3
 Stone Arrow              Conj/Erth      100%       3d13      1%          3
 Passwall                 Tmut/Erth      20%        N/A       3%          2
 Mephitic Cloud           Conj/Pois/Air  46%        N/A       3%          3
 Flame Wave               Conj/Fire      59%        2d14      3%          4
 Sticky Flame             Conj/Fire      59%        2d7       3%          4
 Freeze                   Ice            28%        1d5       11%         1
 Call Imp                 Summ           7%         N/A       17%         2
 Ensorcelled Hibernation  Hex/Ice        14%        N/A       17%         2
 Leda's Liquefaction      Hex/Erth       12%        N/A       21%         4
 Petrify                  Tmut/Erth      24%        N/A       21%         4
 Confusing Touch          Hex            7%         N/A       32%         3
 Frozen Ramparts          Ice            14%        1d3       32%         3
 Inner Flame              Hex/Fire       7%         N/A       32%         3
 Spider Form              Tmut/Pois      7%         N/A       32%         3
 Swiftness                Air            7%         N/A       32%         3
 Anguish                  Hex/Necr       4%         N/A       65%         4
 Cause Fear               Hex            3%         N/A       73%         4
 Iskenderun's Battlesphe  Conj           87%        2d13      1%          5
 Lee's Rapid Deconstruct  Erth           20%        3d12*     11%         5
 Disjunction              Tloc           33%        N/A       63%         8
 Spellforged Servitor     Conj/Summ      29%        N/A       96%         7
 Metabolic Englaciation   Hex/Ice        3%         N/A       97%         5
 Statue Form              Tmut/Erth      16%        N/A       97%         6
 Death Channel            Necr           6%         N/A       100%        6
 Dragon Form              Tmut           3%         N/A       100%        7
 Discord                  Hex            3%         N/A       100%        8
 Dragon's Call            Summ           3%         N/A       100%        9
 Animate Dead             Necr           Unusable   N/A       N/A         4

Dungeon Overview and Level Annotations

Branches:
Dungeon (15/15)            Temple (0/1) D:7            Lair (5/5) D:8
  Swamp (0/4) Lair:2       Spider (1/4) Lair:3        Slime (0/5) Lair:5
    Orc (2/2) D:12            Elf (0/3) Orc:2        Vaults (0/5) D:13
 Depths (0/4) D:15        Volcano (visited)

Altars:
Ashenzari
Elyvilon
Fedhas
Gozag
Kikubaaqudgha
Ru
Sif Muna
Uskayaw
Wu Jian
Xom
Lugonu

Shops:
D:8 =   D:12 :   Orc:2 :[=:?

Portals:
Abyss: D:4

Annotations:
D:9 1 runed translucent door, jfcaron's ghost, journeyman MeFi


Innate Abilities, Weirdness & Mutations

You can spit globs of acid.
Your golden yellow scales are hard. (AC +9)
You cannot fit into any form of body armour.
You have acidic saliva.
You are cold-blooded and may be slowed by cold attacks.
You are resistant to acid. (rCorr)


Message History

You rampage towards the spark wasp!
You catch the helpless spark wasp completely off-guard!
You hit the spark wasp but do no damage.
Your tail-slap misses the spark wasp.
You bite the spark wasp, but do no damage.
The spark wasp is lightly wounded.
You barely miss the spark wasp.
Your tail-slap misses the spark wasp.
The spark wasp stings you!
* * * LOW HITPOINT WARNING * * *
The spark wasp shocks you. You resist.
* * * LOW HITPOINT WARNING * * *
The spark wasp stings you but does no damage.
You closely miss the spark wasp. The spark wasp barely misses you.
You barely miss the spark wasp. Your bite misses the spark wasp.
The spark wasp closely misses you.
You hit the spark wasp!
You blast the spark wasp!
The spark wasp is moderately wounded.
The spark wasp stings you but does no damage.
You closely miss the spark wasp.
Your tail-slap misses the spark wasp.
The spark wasp is moderately wounded.
The spark wasp stings you but does no damage.
You barely miss the spark wasp.
Your tail-slap misses the spark wasp.
Your bite misses the spark wasp.
The spark wasp is moderately wounded.
The spark wasp completely misses you. The spark wasp stings you!
* * * LOW HITPOINT WARNING * * *
The spark wasp shocks you. You resist.
* * * LOW HITPOINT WARNING * * *
You are too berserk!
You hit the spark wasp!
You tail-slap the spark wasp, but do no damage.
The spark wasp is heavily wounded.
The spark wasp closely misses you.
You closely miss the spark wasp.
The spark wasp is heavily wounded.
You are no longer berserk.
You are exhausted.
You feel yourself slow down. The spark wasp stings you!
You die...
Your body crumbles into a pile of gold.

#....#.##))..###
##### ###.
.....###.##..# #...
.....# ####.## ##..
.....####....##
##...
#...##.#.....P#
##....
.#.###...P....######
#..... .###
#...#...##....#
###... .#
##..#####.$>.##
##...
.######...##^...@.#
#.#..
###..##...##.^.y.##
###..
###..###.##^^...##
###
##....####.^.^^##
#..........^^###
...........###.##
######
.......[..###...##
##..#.#
..........#......#
###......
#..........##....#
##P.......


You could see a spark wasp (unable to see you).

Vanquished Creatures
  Jorgrun (Orc:1)
  Roxanne (D:15)
  An orc warlord (Orc:1)
  A ghost moth (Lair:3)
  An ironbound preserver (D:13)
  The ghost of bmack86 the Severer, a journeyman MiFi of Okawaru (Lair:5)
  Nessos (Orc:2)
  Josephine (Lair:5)
  5 hydras
  An ogre mage (D:15)
  2 catoblepae (Lair:4)
  7 centaur warriors
  7 boulder beetles
  4 two-headed ogres
  4 death yaks (Lair:5)
  2 tengu warriors
  Sonja (D:10)
  4 orc high priests (Orc:2)
  2 skeletal warriors (Volcano)
  A deep troll (shapeshifter) (D:12)
  2 wizards (D:15)
  A harpy (shapeshifter) (D:13)
  A deep elf zephyrmancer (D:14)
  An anaconda skeleton (Volcano)
  Pikel (D:4)
  2 deep elf pyromancers
  A necromancer (D:15)
  An orc knight (D:13)
  2 orc sorcerers
  A wolf spider (Lair:3)
  7 cyclopes
  5 manticores
  23 ugly things
  11 elephants
  8 black mambas
  A naga mage (D:15)
  3 centaur zombies (D:15)
  4 cane toads
  2 torpor snails
  5 gargoyles (Volcano)
  Psyche (D:8)
  Maggie (D:6)
  4 rime drakes
  A demonic crawler (Spider:1)
  A centaur skeleton (D:15)
  12 komodo dragons
  A hellion (D:15)
  A yaktaur (shapeshifter) (D:14)
  3 efreet (D:15)
  A queen bee (Lair:3)
  A meliai (shapeshifter) (D:13)
  6 meliai (Lair:3)
  6 trolls
  Prince Ribbit (D:6)
  3 polar bears (Lair:5)
  6 hornets
  A harpy skeleton (Volcano)
  2 dream sheep (Lair:4)
  A blink frog (shapeshifter) (D:14)
  15 blink frogs
  3 slime creatures (D:14)
  A jumping spider (Lair:3)
  3 alligator skeletons (Volcano)
  2 water elementals (D:12)
  3 flying skulls (Volcano)
  14 spriggans (Lair:5)
  A shadow (D:10)
  6 wraiths
  6 wyverns
  Grum (D:10)
  61 yaks
  Eustachio (D:6)
  2 redbacks (Lair:3)
  7 basilisks
  2 steam dragons
  Edmund (D:5)
  A warg (shapeshifter) (D:15)
  19 vampire mosquitoes
  3 acid dragons
  2 hell hounds (Lair:3)
  12 water moccasins
  2 ice beasts
  A hornet zombie (D:15)
  24 orc warriors
  5 black bears
  2 sky beasts (D:6)
  11 ogres
  4 boggarts (Lair:5)
  27 wolves
  15 centaurs
  A phantom (D:5)
  3 lemures (D:4)
  3 kobold brigands
  2 necrophages
  16 bullfrogs
  4 gnoll sergeants
  7 scorpions
  4 wights
  40 killer bees
  A troll skeleton (Volcano)
  2 vampire bats (D:4)
  3 howler monkeys (D:11)
  4 electric eels (D:12)
  3 spriggan skeletons (Volcano)
  3 jellies
  4 hounds (D:5)
  30 orc priests
  2 gnoll boudas (D:6)
  4 iguanas
  22 orc wizards
  8 hell rats
  2 naga skeletons (Volcano)
  8 adders
  28 gnolls
  9 river rats
  A white imp (D:6)
  2 ufetubi
  A dart slug (D:1)
  43 orcs
  8 ball pythons
  3 bat skeletons (D:4)
  4 bat zombies (D:4)
  An endoplasm (D:2)
  2 giant cockroaches
  8 goblins
  5 hobgoblins
  6 jackals
  32 kobolds
  4 quokkas
  6 bats
  3 frilled lizards (D:2)
  18 rats
  A bush (Lair:5)
  102 fulminant prisms
  42 fungi
  104 plants
1049 creatures vanquished.

Notes
Turn   | Place    | Note
-------+----------+-------------------------------------------
     0 | D:1      | jfcaron the Draconian Conjurer began the quest for the Orb.
     0 | D:1      | Reached XP level 1. HP: 14/14 MP: 3/3
   473 | D:1      | Reached XP level 2. HP: 20/20 MP: 1/5
   476 | D:1      | Learned a level 2 spell: Searing Ray
   741 | D:1      | Reached XP level 3. HP: 19/26 MP: 0/6
  2422 | D:3      | Reached XP level 4. HP: 33/33 MP: 4/8
  2473 | D:3      | Found a faded altar of an unknown god.
  2538 | D:3      | Prayed at the altar of an unknown god.
  2538 | D:3      | Became a worshipper of Ru the Awakened
  2539 | D:3      | Fell from the grace of Ru
  2642 | D:3      | Reached skill level 5 in Conjurations
  2889 | D:3      | Reached XP level 5. HP: 38/38 MP: 0/10
  2980 | D:3      | Learned a level 4 spell: Iskenderun's Mystic Blast
  3181 | D:3      | Reached skill level 1 in Translocations
  3376 | D:3      | Found a faded altar of an unknown god.
  3389 | D:3      | Found a blossoming altar of Fedhas.
  3538 | D:3      | Reached XP level 6. HP: 45/45 MP: 1/11
  3739 | D:4      | Found a one-way gate to the infinite horrors of the Abyss.
  3811 | D:4      | Noticed Pikel
  3979 | D:4      | HP: 9/45 [Pikel/+2 whip of freezing (2)]
  3983 | D:4      | Killed Pikel
  3984 | D:4      | Reached skill level 6 in Conjurations
  3984 | D:4      | Your scales start taking on a golden yellow colour.
  3984 | D:4      | Reached XP level 7. HP: 10/50 MP: 1/13
  3984 | D:4      | Gained mutation: You are resistant to acid. (rCorr) [Yellow
                  | Draconian growth]
  4130 | D:4      | Learned a level 3 spell: Dazzling Flash
  4199 | D:4      | Found an opulent altar of Gozag.
  4444 | D:4      | Became a worshipper of Gozag Ym Sagoz the Greedy
  4562 | D:4      | Found a large runed translucent door.
  4563 | D:4      | Found a large runed translucent door.
  4563 | D:4      | Found a corrupted altar of Lugonu.
  4756 | D:4      | Reached skill level 1 in Shields
  5136 | D:4      | Found an ancient bone altar of Kikubaaqudgha.
  5407 | D:4      | Reached skill level 5 in Translocations
  5407 | D:4      | Reached XP level 8. HP: 51/57 MP: 9/15
  5638 | D:5      | Entered Level 5 of the Dungeon
  5766 | D:5      | Reached skill level 5 in Spellcasting
  5768 | D:5      | Reached skill level 7 in Conjurations
  6171 | D:5      | Found a hide-covered altar of Uskayaw.
  6230 | D:5      | Noticed Edmund
  6243 | D:5      | Killed Edmund
  6420 | D:5      | Reached XP level 9. HP: 62/62 MP: 7/16
  7008 | D:6      | Noticed Eustachio
  7012 | D:6      | Noticed Prince Ribbit
  7016 | D:6      | Killed Eustachio
  7017 | D:6      | Reached skill level 5 in Shields
  7026 | D:6      | Killed Prince Ribbit
  7212 | D:6      | Reached skill level 8 in Conjurations
  7327 | D:6      | HP: 10/62 [yak (9)]
  7337 | D:6      | Reached skill level 9 in Conjurations
  7564 | D:6      | Noticed Maggie
  7616 | D:6      | Killed Maggie
  7617 | D:6      | Reached XP level 10. HP: 23/69 MP: 1/17
  7870 | D:6      | Found a sacrificial altar of Ru.
  8386 | D:6      | Found a white marble altar of Elyvilon.
  8389 | D:6      | Found a shimmering blue altar of Sif Muna.
  8392 | D:6      | Found an ornate altar of the Wu Jian Council.
  9591 | D:7      | Found a staircase to the Ecumenical Temple.
  9650 | D:8      | Noticed Psyche
  9656 | D:8      | Killed Psyche
  9657 | D:8      | Reached skill level 10 in Conjurations
 10057 | D:8      | Found Uloga's Jewellery Boutique.
 10190 | D:8      | Reached skill level 10 in Translocations
 10457 | D:8      | Found a staircase to the Lair.
 10569 | D:9      | Identified the amulet of Demons {Reflect rElec SH+5}
 10738 | D:9      | Noticed a two-headed ogre
 10760 | D:9      | Killed a two-headed ogre
 10824 | D:9      | Found a shimmering altar of Xom.
 11022 | D:9      | Reached XP level 11. HP: 69/74 MP: 11/18
 11077 | D:9      | Found a broken altar of Ashenzari.
 11421 | D:9      | Noticed a two-headed ogre
 11428 | D:9      | Killed a two-headed ogre
 11429 | D:9      | Reached skill level 11 in Conjurations
 11539 | D:9      | Found a runed translucent door.
 11540 | D:9      | Noticed jfcaron's ghost (journeyman MeFi)
 11902 | D:10     | Entered Level 10 of the Dungeon
 12258 | D:10     | Identified a scroll of acquirement
 12258 | D:10     | Acquired a staff of conjuration
 12701 | D:10     | Noticed Grum
 12716 | D:10     | Killed Grum
 12826 | D:10     | Noticed Sonja
 12834 | D:10     | Killed Sonja
 12978 | D:10     | Noticed a centaur warrior
 12990 | D:10     | Killed a centaur warrior
 13201 | D:10     | Reached skill level 12 in Conjurations
 13809 | Lair:1   | Entered Level 1 of the Lair of Beasts
 14631 | Lair:1   | Reached XP level 12. HP: 81/81 MP: 15/19
 14941 | Lair:1   | Reached skill level 13 in Conjurations
 15339 | Lair:2   | Noticed a boulder beetle
 15389 | Lair:2   | Killed a boulder beetle
 15448 | Lair:2   | Noticed a boulder beetle
 15457 | Lair:2   | Killed a boulder beetle
 16316 | Lair:2   | Found a staircase to the Swamp.
 16322 | Lair:2   | Learned a level 4 spell: Fulminant Prism
 16937 | Lair:3   | Found the dreamshard necklace {*Dream Drain}
 16949 | Lair:3   | Reached skill level 14 in Conjurations
 17018 | Lair:3   | Found a dark tunnel.
 17061 | Volcano  | Entered a volcano
 17239 | Volcano  | HP: 13/81 [spore (22)]
 17815 | Volcano  | Identified the +2 pair of gloves "Dubotaig" {Rampage rF++
                  | Str+3 Stlth+}
 18055 | Lair:3   | Noticed a seven-headed hydra
 18061 | Lair:3   | Killed a seven-headed hydra
 18062 | Lair:3   | Reached XP level 13. HP: 65/88 MP: 3/20
 18302 | Lair:3   | Reached skill level 1 in Fighting
 19186 | Lair:3   | Identified the +9 short sword of the Past {freeze, Fly
                  | rElec rPois MP-9}
 19806 | Lair:3   | Found a hole to the Spider Nest.
 20298 | Lair:4   | Reached skill level 15 in Conjurations
 20298 | Lair:4   | Reached skill level 15 in Translocations
 21650 | Lair:4   | Reached skill level 5 in Fighting
 22444 | Lair:5   | Entered Level 5 of the Lair of Beasts
 22453 | Lair:5   | Reached skill level 5 in Dodging
 22454 | Lair:5   | Noticed Josephine
 22479 | Lair:5   | Killed Josephine
 22698 | Lair:5   | Gained mutation: You have acidic saliva. [Yellow Draconian
                  | growth]
 22698 | Lair:5   | Reached XP level 14. HP: 110/110 MP: 9/21
 24486 | Lair:5   | Found a staircase to the Slime Pits.
 24558 | Lair:5   | Found a large runed translucent door.
 24559 | Lair:5   | Found a large runed translucent door.
 24575 | Lair:5   | Noticed bmack86's ghost (journeyman MiFi)
 25275 | Lair:5   | Reached skill level 16 in Conjurations
 26008 | Lair:5   | HP: 11/114 [bmack86's ghost (16)]
 26016 | Lair:5   | HP: 2/114 [bmack86's ghost (15)]
 26022 | Lair:5   | Killed bmack86's ghost
 27552 | D:11     | Got Sif Muna's Volume of Enchanting Peregrination
 28303 | D:11     | Found the +18 Lear's hauberk
 28859 | D:12     | Found a staircase to the Orcish Mines.
 30291 | Orc:1    | Entered Level 1 of the Orcish Mines
 30425 | Orc:1    | Noticed Jorgrun
 30463 | Orc:1    | Killed Jorgrun
 31078 | Orc:2    | Entered Level 2 of the Orcish Mines
 31083 | Orc:2    | Found a staircase to the Elven Halls.
 31086 | Orc:2    | Noticed an orc warlord
 31126 | Orc:1    | Killed an orc warlord
 31384 | Orc:2    | Reached XP level 15. HP: 108/123 MP: 17/22
 31523 | Orc:2    | Noticed Nessos
 31533 | Orc:2    | Killed Nessos
 32061 | Orc:2    | Found Zymouxo's Magic Scroll Boutique.
 32561 | Orc:2    | Bought a scroll of teleportation for 51 gold pieces
 32561 | Orc:2    | Bought a scroll of teleportation for 51 gold pieces
 32561 | Orc:2    | Bought a scroll of identify for 34 gold pieces
 32562 | Orc:2    | Bought a scroll of identify for 34 gold pieces
 32563 | Orc:2    | Bought a scroll of magic mapping for 127 gold pieces
 32603 | Orc:2    | Found Febauwa's Armour Shop.
 32603 | Orc:2    | Found Haifowute's Book Shop.
 32604 | Orc:2    | Found Ujyn's Jewellery Boutique.
 32671 | Orc:2    | Found Rydoner's Book Boutique.
 33012 | D:12     | Bought a book of Power for 672 gold pieces
 33020 | D:12     | Learned a level 6 spell: Iron Shot
 33333 | D:13     | Found a gate to the Vaults.
 33334 | D:13     | Reached skill level 1 in Earth Magic
 35547 | D:14     | Reached skill level 10 in Fighting
 35547 | D:14     | Reached skill level 5 in Earth Magic
 35677 | D:14     | Learned a level 5 spell: Borgnjor's Vile Clutch
 36062 | D:15     | Entered Level 15 of the Dungeon
 36112 | D:14     | Reached skill level 17 in Conjurations
 36735 | D:15     | Found a staircase to the Depths.
 37940 | D:15     | Found the +6 arbalest "Damnation" {damnation}
 38093 | D:15     | Noticed Roxanne
 38115 | D:15     | HP: 13/126 [Roxanne/crystal spear (56)]
 38116 | D:15     | HP: 5/126 [Roxanne/bolt of magma (8)]
 38122 | D:15     | Killed Roxanne
 38123 | D:15     | Reached XP level 16. HP: 44/134 MP: 14/26
 38421 | D:15     | Upgraded the game from 0.30-a0-568-g124715a40b to
                  | 0.30-a0-571-gdf30a72648
 38684 | Spider:1 | Entered Level 1 of the Spider Nest
 38742 | Lair:3   | HP: 40/201 [spark wasp (15)]
 38744 | Lair:3   | Reached skill level 1 in Necromancy
 38748 | Lair:3   | HP: 31/201 [spark wasp (7)]
 38753 | Lair:3   | HP: 14/201 [spark wasp (14)]
 38755 | Lair:3   | Mangled by a spark wasp

Illustrated notes

Levels and vault maps discovered:
D:1:      roderic_crossed_star, layout_basic
D:2:      layout_loops_corners
D:3:      layout_rooms, nicolae_overflow_ecumenical_swirl,
          dreamdust_ecumenical_altar_grove
D:4:      due_chaos_kobolds, layout_loops_cross, nicolae_overflow_crystal_walls,
          kennysheep_vampire_church, dk_rats_in_the_wall, uniq_pikel
D:5:      kennysheep_kobold_camp, layout_basic,
          nicolae_uskayaw_murder_on_the_dancefloor, uniq_edmund
D:6:      layout_cave_pods, nicolae_ru_path_of_blood,
          grunt_temple_overflow_diamond, st_stairs_1, kennysheep_generic_room_4,
          uniq_maggie, uniq_prince_ribbit1, uniq_eustachio
D:7:      layout_basic, minmay_temple_entry_proselytizer
D:8:      layout_cave_pools, david_lair_shrubbed, serial_shops,
          nicolae_square_shop, uniq_psyche
D:9:      layout_stronghold, xom_confusion_cloud,
          mainiacjoe_overflow_tiny_flanked, ebering_ghost_reflecting_pool
D:10:     layout_basic, hangedman_decor_points, uniq_sonja, uniq_grum
D:11:     layout_irregular_city, hellmonk_guarded_unrand_lears
D:12:     layout_basic, minmay_orc_entry_temple_small, kennysheep_flooded_box
D:13:     layout_loops_corners, skrybe_vaults_entry_preservation
D:14:     layout_cave_pools
D:15:     grunt_enter_depths_magical_seal, layout_stronghold,
          minmay_misc_feat_diagonals, serial_column_ruins, column_ruins_grid_1,
          column_ruins_open_small_water, column_ruins_columns_straight,
          column_ruins_grid_4, hellmonk_guarded_unrand_damnation, uniq_roxanne
Lair:1:   layout_regular_city
Lair:2:   layout_regular_city, minmay_swamp_entry_swarm, grunt_megastairs_4,
          infiniplex_staircase_pool_2, serial_bayou_shore_a
Lair:3:   regret_index_combs_of_tragedy, layout_cave_pods,
          spider_nest_entry_funnel_web, enter_volcano_3, serial_bayou_shore_b
Lair:4:   nzn_motion_control, layout_cave_pods, minivault_19
Lair:5:   minmay_lair_end_enchanted_forest, layout_regular_city,
          dpeg_slime_entry_enclosed, ebering_ghost_disaster_area, uniq_josephine
Spider:1: layout_spider_delve, gammafunk_ghost_cemetery,
          portal_ice_cave_entry_ugly_swarm
Orc:1:    layout_caves, uniq_jorgrun
Orc:2:    st_orc_mages, layout_caves, serial_shops, shop_scrolls, mines1_david,
          uniq_nessos

Skill      XL: |  1  2  3  4  5  6  7  8  9 10 11 12 13 14 15 16 |
---------------+-------------------------------------------------+-----
Dodging        | 2 5 7 8 |  8.0
Stealth        | 2 |  2.0
Spellcasting   | 3 4 5 7 |  7.0
Conjurations   | 5 6 7 9 10 12 14 15 16 17 | 17.0
Translocations | 2 4 5 6 9 10 12 14 15 16 | 16.5
Shields        | 1 4 5 7 |  7.0
Fighting       | 6 8 10 | 10.0
Earth Magic    | 8 |  8.1
Necromancy     | 1 |  1.2

Action                   |  1- 3 |  4- 6 |  7- 9 | 10-12 | 13-15 | 16-18 || total
-------------------------+-------+-------+-------+-------+-------+-------++-------
Melee: Unarmed           |     7 |       |       |       |       |       ||     7
       Spear             |     8 |       |       |       |       |       ||     8
       Dagger            |       |    26 |   182 |   112 |       |       ||   320
       Tailslap          |       |       |    31 |    50 |   130 |     7 ||   218
       Punch             |       |       |     1 |       |       |       ||     1
       Flail             |       |       |       |     9 |       |       ||     9
       Staff             |       |       |       |   143 |   680 |    37 ||   860
       Bite              |       |       |       |       |    67 |     2 ||    69
Throw: Dart              |       |       |     3 |    30 |    95 |       ||   128
       Boomerang         |       |       |       |     1 |     3 |       ||     4
       Throwing net      |       |       |       |       |     4 |       ||     4
 Cast: Magic Dart        |    58 |    59 |    78 |   177 |   367 |       ||   739
       Searing Ray       |     6 |    16 |    25 |    59 |    41 |       ||   147
       Dazzling Flash    |       |       |     2 |       |       |       ||     2
       Iskenderun's Myst |       |       |     4 |    61 |   240 |       ||   305
       Fulminant Prism   |       |       |       |    14 |    87 |     1 ||   102
       Iron Shot         |       |       |       |       |     2 |     3 ||     5
Invok: Renounce Religion |       |     1 |       |       |       |       ||     1
       Potion Petition   |       |       |       |       |     3 |     1 ||     4
       Call Merchant     |       |       |       |       |     1 |       ||     1
 Abil: Breathe Acid      |       |       |    25 |    80 |   148 |     2 ||   255
Evoke: Wand              |       |       |     1 |    20 |    24 |     2 ||    47
       Phantom mirror    |       |       |       |       |     2 |       ||     2
  Use: Scroll            |       |     5 |     1 |    15 |    18 |     1 ||    40
       Potion            |       |     1 |     1 |       |     4 |     1 ||     7
 Stab: Distracted        |       |       |     1 |     1 |     2 |       ||     4
       Sleeping          |       |       |       |     1 |     3 |       ||     4
       Held in net/web   |       |       |       |       |     1 |       ||     1
       Invisible         |       |       |       |       |       |     1 ||     1
Armor: Skin              |     2 |    15 |    90 |   217 |   528 |    45 ||   897
Dodge: Dodged            |    16 |    26 |   116 |   237 |   574 |    18 ||   987
Block: Buckler           |       |       |    46 |   192 |   373 |    15 ||   626
       Reflection        |       |       |       |     1 |    22 |       ||    23

Table legend: (Time is in decaauts)
 A = Elapsed time spent in this place.
 B = Non-inter-level travel time spent in this place.
 C = Inter-level travel time spent in this place.
 D = Time resting spent in this place.
 E = Time spent auto-exploring this place.
 F = Levels seen in this place.
 G = Mean time per level.
                   A        B        C        D        E       F      G
               +--------+--------+--------+--------+--------+-----+--------+
         Total |  39126 |  36718 |   2408 |  13222 |  16622 |  24 | 1630.2 |
       Dungeon |  23153 |  21371 |   1782 |   7145 |  10720 |  15 | 1543.5 |
          Lair |  12288 |  11809 |    479 |   4731 |   4750 |   5 | 2457.6 |
   Spider Nest |     32 |     32 |      0 |      0 |      0 |   1 |   32.0 |
  Orcish Mines |   2738 |   2592 |    146 |    981 |   1057 |   2 | 1369.0 |
       Volcano |    913 |    913 |      0 |    365 |     95 |   1 |  913.0 |
               +--------+--------+--------+--------+--------+-----+--------+

Top non-repeatable levels by time:
  Lair:5: 3385 daAuts
  Lair:4: 2871 daAuts
  Lair:3: 2781 daAuts
    D:13: 2266 daAuts
     D:4: 2024 daAuts
    D:12: 1818 daAuts
    D:15: 1757 daAuts
    D:10: 1750 daAuts
     D:6: 1743 daAuts
     D:9: 1734 daAuts
  Lair:2: 1627 daAuts
  Lair:1: 1623 daAuts
   Orc:1: 1489 daAuts
    D:14: 1465 daAuts
    D:11: 1423 daAuts

Table legend:
 A = Kills in this place as a percentage of kills in entire the game.
 B = Kills by you in this place as a percentage of kills by you in the entire game.
 C = Kills by friends in this place as a percentage of kills by friends in the entire game.
 D = Other kills in this place as a percentage of other kills in the entire game.
 E = Experience gained in this place as a percentage of experience gained in the entire game.
 F = Experience gained in this place divided by the number of levels of this place that you have seen.
                   A       B       C       D       E      F
               +-------+-------+-------+-------+-------+----------------------
         Total | 100.0 | 100.0 | 100.0 | 100.0 | 100.0 | 6519.4
       Dungeon |  55.1 |  55.6 |  22.2 |  33.3 |  46.2 | 4814.6
          Lair |  32.4 |  32.9 |   0.0 |   0.0 |  42.1 | 13181.4
   Spider Nest |   0.3 |   0.3 |   0.0 |   0.0 |   0.8 | 1215.0
  Orcish Mines |   9.6 |   9.0 |  66.7 |   0.0 |   7.5 | 5859.0
       Volcano |   2.6 |   2.3 |  11.1 |  66.7 |   3.5 | 5407.0
               +-------+-------+-------+-------+-------+----------------------
